 Dungeon Crawl Stone Soup version 0.29.0-13-gc9e81de378 (webtiles) character file.

Game seed: 15661512711341215678

5462 SnakkuSnakku7 the Basher (level 10, -8/118 HPs)
             Began as a Barachi Warper on Sept 9, 2022.
             Mangled by a death yak (20 damage)
             ... on level 8 of the Dungeon.
             The game lasted 00:13:11 (7502 turns).

SnakkuSnakku7 the Basher (Barachi Warper)           Turns: 7502, Time: 00:13:12

Health: -8/118     AC: 25    Str: 17    XL:     10   Next: 68%
Magic:  13/13      EV:  2    Int: 14    God:
Gold:   282        SH:  0    Dex: 11    Spells: 13/13 levels left

rFire   . . .      SeeInvis +   a - +8 flail "Pogison" {pain, rPois Stlth+}
rCold   . . .      Faith    .   (no shield)
rNeg    . . .      Spirit   .   (body armour currently unavailable)
rPois   +          Reflect  .   (helmet currently unavailable)
rElec   .          Harm     .   (cloak currently unavailable)
rCorr   .          Rampage  .   (gloves currently unavailable)
Will    .....      NoTele   +   (boots currently unavailable)
Stlth   ++........              p - amulet of regeneration
HPRegen 1.09/turn               n - ring of see invisible
MPRegen 0.13/turn               (no ring)

@: brilliant, tree-form
A: stationary, stasis, torment immunity, boosted hp, (amphibious), (slowness 1),
(strong legs 1), +LOS
a: no special abilities


You were on level 8 of the Dungeon.
You were a tree.
You visited 2 branches of the dungeon, and saw 9 of its levels.

You collected 477 gold pieces.
You spent 195 gold pieces at shops.

Inventory:

Hand Weapons
 a - the +8 flail "Pogison" (weapon) {pain, rPois Stlth+}
   (You bought it in a shop on level 4 of the Dungeon)

   In the hands of one skilled in necromantic magic, it inflicts extra damage on
   living creatures.
   rPois:     It protects you from poison.
   Stlth:     It makes you more stealthy.
 h - a +0 hand axe
 t - a +0 sling
Missiles
 d - 6 boomerangs of dispersal (quivered)
 s - 2 boomerangs
Armour
 b - a +0 leather armour
 c - a +0 helmet (melded)
 e - a +0 ring mail
 z - a +0 plate armour
 C - a +3 ring mail of cold resistance (melded)
 F - +0 steam dragon scales
Jewellery
 n - a ring of see invisible (left branch)
 p - an amulet of regeneration (around neck)
 q - an amulet of reflection
Wands
 o - a wand of roots (10)
 A - a wand of paralysis (6)
 D - a wand of mindburst (17)
 E - a wand of flame (15)
Scrolls
 j - a scroll of enchant armour {unknown}
 m - a scroll of teleportation
 r - a scroll of immolation {unknown}
 u - a scroll of brand weapon {unknown}
 w - a scroll of blinking
 y - a scroll of torment {unknown}
 B - a scroll of poison {unknown}
Potions
 f - 8 potions of curing
 g - 4 potions of attraction
 k - a potion of brilliance
 l - 2 potions of resistance
 v - a potion of flight
 x - a potion of magic


   Skills:
 + Level 7.2 Fighting
 - Level 3.1(9.9) Axes
 - Level 14.4(14.6) Maces & Flails
 - Level 4.7 Ranged Weapons
 - Level 1.0 Throwing
 - Level 1.2 Armour
 - Level 2.1 Dodging
 - Level 2.1 Spellcasting
 - Level 3.2 Translocations


You had 13 spell levels left.
You didn't know any spells.
Your spell library contained the following spells:

 Spells                   Type           Power      Damage    Failure   Level
 Apportation              Tloc           32%        N/A       6%          1
 Blink                    Tloc           32%        N/A       9%          2
 Gell's Gravitas          Tloc           16%        N/A       19%         3
 Lesser Beckoning         Tloc           16%        N/A       19%         3
 Teleport Other           Tloc           16%        N/A       19%         3
 Necrotise                Necr           8%         1d4       24%         1
 Slow                     Hex            8%         N/A       24%         1
 Summon Small Mammal      Summ           8%         N/A       24%         1
 Sublimation of Blood     Necr           2%         N/A       34%         2
 Wereblood                Tmut           2%         N/A       34%         2
 Confusing Touch          Hex            2%         N/A       56%         3
 Vampiric Draining        Necr           2%         2d6       56%         3
 Manifold Assault         Tloc           16%        N/A       86%         5
 Animate Dead             Necr           2%         N/A       93%         4
 Summon Hydra             Summ           1%         N/A       100%        7
 Borgnjor's Revivificati  Necr           1%         N/A       100%        8
 Lehudib's Crystal Spear  Conj/Erth      1%         10d2      100%        8


Dungeon Overview and Level Annotations

Branches:
Dungeon (8/15)             Temple (1/1) D:7
   Lair: D:8-11

Altars:
Ashenzari
Cheibriados
Dithmenos
Elyvilon
Fedhas
Gozag
Hepliaklqana
Kikubaaqudgha
Makhleb
Okawaru
Qazlal
Ru
Sif Muna
Uskayaw
Vehumet
Wu Jian
Xom
Zin
The Shining One

Shops:
D:4 (

Annotations:
D:8 Pikel, Prince Ribbit


Innate Abilities, Weirdness & Mutations

You are a tree.
Your roots penetrate the ground, keeping you stationary.
You cannot be teleported.
You are immune to unholy pain and torment.
Your maximum health is greatly increased.
Your equipment is partially melded.
((You are amphibious.))
((You cover ground slowly.))
((You can hop short distances.))
You have an extended range of vision and can be seen from far away.


Message History

The death yak gores you.
You sock the death yak!
The death yak is moderately wounded.
You hit the death yak.
The death yak is moderately wounded.
The death yak gores you!! x2
You sock the death yak!
The death yak is heavily wounded.
The death yak gores you but does no damage. x2
You sock the death yak!
The death yak is severely wounded.
The death yak gores you but does no damage.
The death yak snorts and paws the ground.
The death yak gores you but does no damage.
You sock the death yak!
The death yak is severely wounded.
You hit the death yak.
The death yak is almost dead.
The death yak gores you but does no damage.
The death yak gores you.
Unknown command.
You thump the death yak!
The death yak is almost dead.
The death yak gores you but does no damage.
The death yak gores you!
Unknown command.
You barely miss the death yak.
The death yak is almost dead.
Unknown command.
You hit the death yak.
The death yak is almost dead.
The death yak gores you!
* * * LOW HITPOINT WARNING * * *
The death yak gores you!
* * * LOW HITPOINT WARNING * * *
Unknown command.
You hit the death yak.
You kill the death yak!
The death yak gores you!!
You die...

..# .... ...# ..#
...# ....# ..# #..#
.....# ..#
#..##.....# ..#
#...Y...... ..#
#...Y...... ..# #..#
..# ##Y#########
..#....
#.†♣.#.....#########
).'......
#....#)............#
#.##.##..
##..#).............#
.# #
####......##..##..'
.. ##.....######..#
... #..............#
....
#..............#
.##.#
##.....##..##..# ##
## #.....##..##..#


You could see a death yak.

Vanquished Creatures
  2 death yaks (D:8)
  Joseph (D:7)
  Maggie (D:8)
  A hornet (D:5)
  4 slime creatures (D:8)
  Grum (D:8)
  A steam dragon (D:8)
  A water moccasin (D:6)
  An ice beast (D:7)
  2 wolves (D:8)
  A sky beast (D:7)
  4 centaurs
  2 phantoms (D:5)
  2 necrophages
  2 bullfrogs
  A scorpion (D:5)
  12 wights
  A water moccasin zombie (D:5)
  A howler monkey (D:8)
  A bullfrog zombie (D:5)
  5 orc priests
  5 jellies
  A gnoll bouda (D:6)
  A hound (D:5)
  7 iguanas
  10 orc wizards
  Robin (D:2)
  6 gnolls
  11 adders
  A shadow imp (D:7)
  An ufetubus (D:6)
  A dart slug (D:1)
  25 orcs
  5 bats
  11 endoplasms
  5 giant cockroaches
  17 goblins
  9 hobgoblins
  6 jackals
  6 quokkas
  13 ball pythons
  4 frilled lizards
  6 kobolds
  6 rats
205 creatures vanquished.

Vanquished Creatures (others)
  40 plants (D:2)
40 creatures vanquished.

Grand Total: 245 creatures vanquished

Notes
Turn   | Place    | Note
-------+----------+-------------------------------------------
     0 | D:1      | SnakkuSnakku7 the Barachi Warper began the quest for the
                  | Orb.
     0 | D:1      | Reached XP level 1. HP: 17/17 MP: 3/3
   299 | D:1      | Reached XP level 2. HP: 16/23 MP: 5/5
   710 | D:1      | Reached XP level 3. HP: 17/29 MP: 6/6
  1246 | D:2      | Reached skill level 1 in Ranged Weapons
  1387 | D:2      | Noticed Robin
  1443 | D:1      | Reached XP level 4. HP: 9/35 MP: 7/7
  1823 | D:2      | Killed Robin
  2117 | D:2      | HP: 1/35 [goblin/+0 club[Robin] (4)]
  2124 | D:2      | Reached XP level 5. HP: 7/41 MP: 8/8
  2532 | D:2      | You fall into a shaft and drop 1 floor!
  2542 | D:3      | Found a burning altar of Makhleb.
  2542 | D:3      | Noticed a balrug
  3510 | D:3      | Got Sif Muna's Tractate on Diablerie and Conjuration
  3765 | D:3      | Found a faded altar of an unknown god.
  3914 | D:4      | Found Iniwe's Antique Weapon Shop.
  3937 | D:4      | Reached XP level 6. HP: 37/47 MP: 9/9
  3966 | D:4      | Bought a transparent flail for 195 gold pieces
  3966 | D:4      | Identified the +8 flail "Pogison" {pain, rPois Stlth+} (You
                  | bought it in a shop on level 4 of the Dungeon)
  4042 | D:4      | Reached skill level 1 in Maces & Flails
  4139 | D:4      | Reached skill level 2 in Maces & Flails
  4567 | D:5      | Entered Level 5 of the Dungeon
  4582 | D:5      | Reached skill level 3 in Maces & Flails
  4625 | D:5      | Reached skill level 4 in Maces & Flails
  4625 | D:5      | Reached XP level 7. HP: 52/52 MP: 10/10
  4663 | D:5      | Reached skill level 5 in Maces & Flails
  4861 | D:5      | Reached skill level 6 in Maces & Flails
  4953 | D:5      | Reached skill level 7 in Maces & Flails
  4953 | D:5      | Reached XP level 8. HP: 54/58 MP: 11/11
  5044 | D:5      | Noticed a hornet
  5061 | D:5      | Killed a hornet
  5062 | D:5      | Reached skill level 8 in Maces & Flails
  5406 | D:6      | Reached skill level 9 in Maces & Flails
  5629 | D:6      | Identified the +7 short sword of Qugoj {protect, rF++
                  | Stlth-}
  5642 | D:6      | Identified the +6 war axe "Awuaf" {vorpal, rC+}
  5752 | D:6      | Reached skill level 10 in Maces & Flails
  5935 | D:6      | Reached XP level 9. HP: 54/64 MP: 12/12
  6309 | D:7      | Reached skill level 11 in Maces & Flails
  6362 | D:7      | Found a staircase to the Ecumenical Temple.
  6371 | Temple   | Entered the Ecumenical Temple
  6473 | D:7      | Found an iron altar of Okawaru.
  6640 | D:7      | Found a shimmering blue altar of Sif Muna.
  6645 | D:7      | Found a blossoming altar of Fedhas.
  6649 | D:7      | Found a glowing silver altar of Zin.
  6723 | D:7      | Reached skill level 12 in Maces & Flails
  6883 | D:8      | Noticed Joseph
  6902 | D:7      | Killed Joseph
  6944 | D:8      | Reached skill level 13 in Maces & Flails
  7040 | D:7      | Reached XP level 10. HP: 35/66 MP: 13/13
  7078 | D:8      | Noticed Maggie
  7136 | D:8      | Noticed a death yak
  7136 | D:8      | Noticed a death yak
  7137 | D:8      | Noticed Pikel
  7137 | D:8      | Noticed a death yak
  7178 | D:8      | Reached skill level 14 in Maces & Flails
  7305 | D:8      | Killed Maggie
  7399 | D:8      | Killed a death yak
  7427 | D:8      | Noticed Grum
  7442 | D:8      | Killed Grum
  7464 | D:8      | Noticed Prince Ribbit
  7502 | D:8      | Killed a death yak
  7502 | D:8      | Mangled by a death yak

Illustrated notes

Levels and vault maps discovered:
D:1:      dpeg_arrival_three_bigger_balls, layout_basic
D:2:      wad_woods_pond, layout_basic, serial_bayou_pond_e,
          minmay_pentomino_o2, uniq_robin
D:3:      layout_rooms, makhleb_altar_promises_db,
          hellmonk_ecumenical_altar_crossroads
D:4:      minmay_wonky_spiral, layout_basic, serial_shops, nicolae_shop_trees
D:5:      layout_basic, serial_undead, serial_undead_e, serial_undead_e,
          serial_undead_e, serial_undead_f
D:6:      layout_loops_ring
D:7:      nicolae_whirlpool, layout_rooms, okawaru_trees_1, minitemple,
          minmay_temple_entry_sparse_star
D:8:      layout_gridville, dpeg_lair_monsters, nicolae_ossuary_entry_catacombs,
          uniq_grum, uniq_maggie, uniq_joseph, uniq_pikel, uniq_prince_ribbit1
Temple:   nicolae_temple_ecumenical_triangle

Skill      XL: |  1  2  3  4  5  6  7  8  9 10 |
---------------+-------------------------------+-----
Fighting       | 3 7 |  7.2
Axes           | 3 |  3.1
Ranged Weapons | 1 3 4 |  4.7
Maces & Flails | 4 7 10 13 14 | 14.4
Throwing       | |  1.0
Armour         | |  1.2
Dodging        | |  2.1
Spellcasting   | |  2.1
Translocations | |  3.2

Action                   |  1- 3 |  4- 6 |  7- 9 | 10-12 || total
-------------------------+-------+-------+-------+-------++-------
Melee: Hand axe          |    72 |       |       |       ||    72
       Flail             |       |    50 |   262 |   111 ||   423
       Punch             |       |     1 |     1 |     1 ||     3
 Fire: Sling             |    57 |   307 |       |       ||   364
Throw: Boomerang         |     3 |       |       |       ||     3
 Abil: Hop               |     3 |     3 |     1 |     2 ||     9
Evoke: Wand              |       |       |     1 |     4 ||     5
  Use: Scroll            |     1 |     3 |     2 |     3 ||     9
       Potion            |       |     1 |     2 |     5 ||     8
 Stab: Sleeping          |       |     2 |       |     1 ||     3
       Confused          |       |     1 |       |       ||     1
       Paralysed         |       |       |     3 |     6 ||     9
Armor: Ring mail         |    67 |   128 |    56 |    18 ||   269
       Leather armour    |     2 |       |       |       ||     2
       Plate armour      |       |       |    28 |       ||    28
       Skin              |       |       |       |     8 ||     8
Dodge: Dodged            |    69 |   200 |   177 |    28 ||   474
